 Dungeon Crawl Stone Soup version 0.21.1-1-g345015f (webtiles) character file.

56 inmateoo the Skirmisher (level 3, -4/30 HPs)
             Began as a Mummy Monk on Mar 21, 2018.
             Slain by a worm (7 damage)
             ... on level 3 of the Dungeon.
             The game lasted 00:03:37 (2528 turns).

inmateoo the Skirmisher (Mummy Monk)                Turns: 2528, Time: 00:03:38

Health: -4/30      AC:  9    Str: 14    XL:     3   Next: 71%
Magic:  3/3        EV: 10    Int:  9    God:
Gold:   106        SH:  0    Dex: 15    Spells: 2/2 levels left

rFire    x . .     SeeInvis .     - Unarmed
rCold    + + .     Gourm    .   (no shield)
rNeg     + + +     Faith    .   c - +1 chain mail
rPois    ∞         Spirit   .   (no helmet)
rElec    .         Reflect  .   (no cloak)
rCorr    .         Harm     .   (no gloves)
MR       .....                  (no boots)
Stlth    ..........             (no amulet)
HPRegen  0.10/turn              e - +3 ring of evasion
MPRegen  0.08/turn              f - ring of protection from cold

@: no status effects
A: no food or potions, fire vulnerability, cold resistance 1, negative energy
resistance 3, torment resistance, unbreathing
a: no special abilities


You were on level 3 of the Dungeon.
You were not hungry.

You visited 1 branch of the dungeon, and saw 3 of its levels.

You collected 106 gold pieces.

Inventory:

Hand Weapons
 a - a +0 spear
 d - a +0 vampiric whip
Armour
 c - a +1 chain mail (worn)
 i - a +0 leather armour
Jewellery
 e - a +3 ring of evasion (left hand)
 f - a ring of protection from cold (right hand)
 g - an uncursed ring of see invisible
Scrolls
 b - 3 scrolls of remove curse
 h - a scroll of immolation
 j - 2 scrolls of identify


   Skills:
 + Level 3.9 Fighting
 - Level 2.4 Dodging
 - Level 1.5 Stealth
 * Level 3.2 Unarmed Combat


You had 2 spell levels left.
You didn't know any spells.

Dungeon Overview and Level Annotations

Branches:
Dungeon (2/15)

Altars:
Trog

Annotations:
D:3 bmj180's ghost, amateur HaFi


Innate Abilities, Weirdness & Mutations

You do not eat or drink.
Your flesh is vulnerable to fire.
You are immune to poison.
Your flesh is cold resistant. (rC+)
You are immune to negative energy. (rN+++)
You are immune to unholy pain and torment.
You can survive without breathing.


Message History

Bmj180's ghost barely misses you. The worm closely misses you.
You are too injured to fight recklessly!
Your chain mail prevents you from hitting bmj180's ghost.
Bmj180's ghost misses you. The worm bites you.
* * * LOW HITPOINT WARNING * * *
You closely miss bmj180's ghost.
Bmj180's ghost hits you but does no damage.
You are too injured to fight recklessly!
You hit bmj180's ghost but do no damage.
Bmj180's ghost hits you.
* * * LOW HITPOINT WARNING * * *
The worm closely misses you.
You are too injured to fight recklessly!
You hit bmj180's ghost but do no damage.
Bmj180's ghost keens inconsolably.
Bmj180's ghost hits you but does no damage.
Your chain mail prevents you from hitting bmj180's ghost.
Bmj180's ghost hits you but does no damage.
The worm bites you!
You die...

#.[.......(....
##.............
..........#####..
######.##.#####..
#. #........ #.
#.#####.# .. #.#
############.#
......w@W....#
##############


You could see a worm and bmj180's ghost.

Vanquished Creatures
  An adder (D:3)
  An ooze (D:1)
  3 worms
  A dart slug (D:1)
  An orc (D:3)
  2 giant cockroaches (D:1)
  5 hobgoblins
  4 jackals (D:1)
  3 bats (D:1)
  A frilled lizard (D:1)
  3 goblins
  3 kobolds (D:1)
  2 rats (D:2)
30 creatures vanquished.

Vanquished Creatures (others)
  A kobold (D:3)
1 creature vanquished.

Grand Total: 31 creatures vanquished

Notes
Turn   | Place    | Note
-------+----------+-------------------------------------------
     0 | D:1      | inmateoo the Mummy Monk began the quest for the Orb.
     0 | D:1      | Reached XP level 1. HP: 18/18 MP: 1/1
   352 | D:1      | Reached XP level 2. HP: 24/24 MP: 2/2
  1696 | D:1      | Reached XP level 3. HP: 27/30 MP: 3/3
  2394 | D:2      | You fall through a shaft!
  2454 | D:3      | Found a bloodstained altar of Trog.
  2502 | D:3      | Noticed bmj180's ghost (amateur HaFi)
  2528 | D:3      | Slain by a worm

Skill      XL: |  1  2  3 |
---------------+----------+-----
Unarmed Combat | 3 |  3.2
Fighting       | |  3.9
Dodging        | |  2.4
Stealth        | |  1.5

Action                   || total
-------------------------++-------
Melee: Unarmed           ||   131
       Spear             ||    19
       Whip              ||    14
       Punch             ||     2
  Use: Scroll            ||     4
 Stab: Sleeping          ||     5
Armor: Robe              ||     5
       Leather armour    ||     7
       Chain mail        ||    21
Dodge: Dodged            ||    79
